[ AOE2 MATCH · #495204609 ]
UnrankedMagyars vs Bengalis
[ REPLAY ANALYSIS · EXTRACTED FROM THE RECORDED GAME ]
Feudal
9:34
Castle
20:10
Imperial
45:13
| APM avg | 40.6 |
| APM peak | 82 |
| eAPM avg | 27.6 |
| Villagers / military | 161 / 595 |
Focus
⚔️ 53.6% · 🌾 46.4%
Magyar Huszar ×373 · Scout Cavalry ×118 · Knight ×53 · Skirmisher ×39 · Battering Ram ×5 · Trebuchet (Packed) ×5
Feudal
10:03
Castle
15:59
Imperial
37:40
| APM avg | 57.0 |
| APM peak | 111 |
| eAPM avg | 43.5 |
| Villagers / military | 304 / 345 |
Focus
⚔️ 35.3% · 🌾 64.7%
Spearman ×121 · Ratha (Ranged) ×65 · Monk ×52 · Battle Elephant ×44 · Scorpion ×36 · Trade Cart ×35
Feudal
14:15
Castle
17:53
Imperial
31:41
| APM avg | 26.1 |
| APM peak | 85 |
| eAPM avg | 16.5 |
| Villagers / military | 117 / 92 |
Focus
⚔️ 29.9% · 🌾 70.1%
Hand Cannoneer ×31 · Monk ×26 · Skirmisher ×20 · Trade Cart ×19 · Fishing Ship ×17 · Bombard Cannon ×5
Feudal
9:21
Castle
24:15
Imperial
32:35
| APM avg | 32.6 |
| APM peak | 80 |
| eAPM avg | 17.2 |
| Villagers / military | 123 / 14 |
Focus
⚔️ 20.1% · 🌾 79.9%
Archer ×12 · Mangonel ×2
Feudal
12:52
Castle
16:54
Imperial
31:12
| APM avg | 27.3 |
| APM peak | 52 |
| eAPM avg | 18.6 |
| Villagers / military | 145 / 791 |
Focus
⚔️ 34.0% · 🌾 66.0%
Camel Scout ×412 · Scout Cavalry ×196 · Hand Cannoneer ×176 · Trade Cart ×31 · Fishing Ship ×15 · Trebuchet (Packed) ×5
Feudal
13:01
Castle
20:46
Imperial
33:30
| APM avg | 45.6 |
| APM peak | 119 |
| eAPM avg | 21.5 |
| Villagers / military | 172 / 316 |
Focus
⚔️ 30.2% · 🌾 69.8%
Teutonic Knight ×154 · Skirmisher ×70 · Spearman ×50 · Mangonel ×24 · Fishing Ship ×17 · Trebuchet (Packed) ×13
Feudal
12:02
Castle
17:14
Imperial
32:05
| APM avg | 27.9 |
| APM peak | 55 |
| eAPM avg | 17.4 |
| Villagers / military | 79 / 300 |
Focus
⚔️ 49.0% · 🌾 51.0%
Spearman ×155 · Longbowman ×120 · Trebuchet (Packed) ×24 · Fishing Ship ×21 · Trade Cart ×14 · Demolition Raft ×1
Feudal
12:32
Castle
18:18
Imperial
31:04
| APM avg | 48.7 |
| APM peak | 82 |
| eAPM avg | 38.4 |
| Villagers / military | 151 / 316 |
Focus
⚔️ 33.0% · 🌾 67.0%
War Elephant ×311 · Trade Cart ×52 · Fishing Ship ×36 · Monk ×2 · Trebuchet (Packed) ×2 · Fire Galley ×1
Match map
Initial resources + every placement click. Lines = walls · curves = elevation contours. ◆ gold · ⬟ stone · ● berries · ✦ relic · ◌ wall gap
Your base· ✓ Closed at 20:10 · 0t walls · no gate
edengr7's base· ✓ Closed at 15:59 · 0t walls · no gate
Wolf Hill Expert's base· ✓ Closed at 17:53 · 74t walls · 2 gate(s)
Tupac_Amaru's base· ✓ Closed at 24:15 · 48t walls · 2 gate(s)
Loto's base· ✓ Closed at 16:54 · 0t walls · no gate
Casualstone's base· ✓ Closed at 20:46 · 32t walls · no gate
LOMBANA FC3797's base· ✓ Closed at 17:14 · 30t walls · no gate
逝's base· ✓ Closed at 18:18 · 6t walls · no gate
Smoothed initial terrain · ◌ = detected wall gap · hover for details
Inputs per minute
— HIX | Mark Anthony - - edengr7
Build order — HIX | Mark Anthony
First 150 of 1019 actions detected
| 0:01 | Queue | Villager (Male) |
| 0:01 | Queue | Villager (Male) |
| 0:01 | Queue | Villager (Male) |
| 0:02 | Queue | Villager (Male) |
| 0:02 | Queue | Villager (Male) |
| 0:05 | Build | House |
| 0:07 | Build | House |
| 1:33 | Queue | Villager (Male) |
| 1:33 | Queue | Villager (Male) |
| 1:48 | Build | Lumber Camp |
| 1:53 | Queue | Villager (Male) |
| 1:53 | Queue | Villager (Male) |
| 2:22 | Queue | Villager (Male) |
| 2:23 | Queue | Villager (Male) |
| 2:51 | Queue | Villager (Male) |
| 2:52 | Queue | Villager (Male) |
| 3:24 | Queue | Villager (Male) |
| 3:35 | Build | House |
| 3:47 | Queue | Villager (Male) |
| 3:47 | Queue | Villager (Male) |
| 3:50 | Queue | Villager (Male) |
| 3:50 | Queue | Villager (Male) |
| 4:33 | Queue | Villager (Male) |
| 4:33 | Queue | Villager (Male) |
| 4:33 | Queue | Villager (Male) |
| 4:34 | Queue | Villager (Male) |
| 5:12 | Build | Mill |
| 5:14 | Queue | Villager (Male) |
| 5:14 | Queue | Villager (Male) |
| 5:45 | Research | Loom |
| 5:45 | Queue | Villager (Male) |
| 5:57 | Queue | Villager (Male) |
| 5:58 | Research | Loom |
| 7:13 | Build | House |
| 7:22 | Research | Feudal Age |
| 8:30 | Build | Barracks |
| 8:48 | Queue | Villager (Male) |
| 8:48 | Queue | Villager (Male) |
| 9:34 | Age | Feudal Age |
| 9:36 | Build | Stable |
| 9:54 | Queue | Villager (Male) |
| 9:58 | Research | Double-Bit Axe |
| 10:12 | Queue | Villager (Male) |
| 10:12 | Queue | Villager (Male) |
| 10:17 | Build | House |
| 10:46 | Queue | Scout Cavalry |
| 10:46 | Queue | Scout Cavalry |
| 10:55 | Build | House |
| 11:02 | Queue | Villager (Male) |
| 11:07 | Queue | Scout Cavalry |
| 11:17 | Build | Farm |
| 11:20 | Build | Farm |
| 11:22 | Queue | Villager (Male) |
| 11:24 | Build | Farm |
| 11:47 | Queue | Villager (Male) |
| 11:49 | Research | Horse Collar |
| 12:13 | Queue | Villager (Male) |
| 12:55 | Queue | Villager (Male) |
| 12:57 | Queue | Scout Cavalry |
| 13:01 | Build | Farm |
| 13:03 | Build | Farm |
| 13:05 | Build | Farm |
| 13:06 | Queue | Villager (Male) |
| 13:12 | Build | Blacksmith |
| 13:39 | Build | Farm |
| 13:39 | Build | Farm |
| 13:40 | Build | Farm |
| 13:40 | Build | Farm |
| 13:40 | Build | Farm |
| 13:47 | Queue | Villager (Male) |
| 14:08 | Queue | Villager (Male) |
| 14:11 | Build | House |
| 14:12 | Build | House |
| 14:16 | Build | Mining Camp |
| 14:27 | Queue | Villager (Male) |
| 14:27 | Queue | Villager (Male) |
| 14:28 | Research | Wheelbarrow |
| 15:29 | Build | Market |
| 15:39 | Research | Scale Barding Armor |
| 16:35 | Build | Farm |
| 16:35 | Build | Farm |
| 16:36 | Build | Farm |
| 16:42 | Build | Farm |
| 16:59 | Research | Castle Age |
| 17:55 | Research | Bloodlines |
| 18:16 | Build | Stable |
| 18:17 | Build | Stable |
| 18:23 | Build | Farm |
| 18:24 | Build | Farm |
| 18:24 | Build | Farm |
| 18:25 | Build | Farm |
| 18:25 | Build | Farm |
| 18:30 | Research | Gold Mining |
| 19:30 | Queue | Villager (Male) |
| 20:10 | Age | Castle Age |
| 20:13 | Queue | Knight |
| 20:13 | Queue | Knight |
| 20:14 | Queue | Knight |
| 20:19 | Queue | Villager (Male) |
| 20:32 | Build | Town Center |
| 20:41 | Queue | Villager (Male) |
| 21:17 | Queue | Villager (Male) |
| 21:18 | Queue | Villager (Male) |
| 21:30 | Build | Town Center |
| 21:35 | Queue | Villager (Male) |
| 21:35 | Queue | Villager (Male) |
| 21:37 | Queue | Villager (Male) |
| 21:55 | Build | Monastery |
| 22:00 | Queue | Villager (Male) |
| 22:01 | Queue | Villager (Male) |
| 22:01 | Queue | Villager (Male) |
| 22:17 | Build | Lumber Camp |
| 22:41 | Queue | Villager (Male) |
| 22:41 | Queue | Villager (Male) |
| 22:41 | Queue | Villager (Male) |
| 22:43 | Queue | Monk |
| 22:44 | Research | Devotion |
| 23:09 | Research | Bow Saw |
| 23:10 | Queue | Villager (Male) |
| 23:11 | Queue | Villager (Male) |
| 23:13 | Build | Farm |
| 23:14 | Build | Farm |
| 23:14 | Build | Farm |
| 23:14 | Build | Farm |
| 23:15 | Build | Farm |
| 23:26 | Queue | Villager (Male) |
| 23:26 | Queue | Villager (Male) |
| 24:07 | Build | Mining Camp |
| 24:10 | Build | House |
| 24:11 | Build | House |
| 24:11 | Build | House |
| 24:11 | Build | House |
| 24:11 | Build | House |
| 24:14 | Queue | Villager (Male) |
| 24:14 | Research | Town Watch |
| 24:15 | Queue | Villager (Male) |
| 24:15 | Queue | Villager (Male) |
| 24:15 | Queue | Villager (Male) |
| 24:19 | Build | Farm |
| 24:19 | Build | Farm |
| 24:19 | Build | Farm |
| 24:20 | Build | Farm |
| 24:22 | Queue | Villager (Male) |
| 24:22 | Queue | Villager (Male) |
| 24:53 | Queue | Villager (Male) |
| 24:53 | Queue | Villager (Male) |
| 25:05 | Build | Town Center |
| 25:06 | Queue | Villager (Male) |
| 25:07 | Queue | Villager (Male) |
| 25:16 | Build | Town Center |
Build order — edengr7
First 150 of 950 actions detected
| 0:02 | Queue | Villager (Male) |
| 0:02 | Queue | Villager (Male) |
| 0:04 | Build | House |
| 0:04 | Queue | Villager (Male) |
| 0:04 | Queue | Villager (Male) |
| 0:05 | Build | House |
| 0:06 | Build | House |
| 1:30 | Queue | Villager (Male) |
| 1:53 | Build | Lumber Camp |
| 2:00 | Queue | Villager (Male) |
| 2:20 | Queue | Villager (Male) |
| 2:21 | Queue | Villager (Male) |
| 2:53 | Queue | Villager (Male) |
| 3:10 | Queue | Villager (Male) |
| 3:10 | Queue | Villager (Male) |
| 3:40 | Queue | Villager (Male) |
| 3:56 | Queue | Villager (Male) |
| 3:56 | Queue | Villager (Male) |
| 4:30 | Queue | Villager (Male) |
| 5:08 | Build | Mill |
| 5:20 | Queue | Villager (Male) |
| 5:21 | Queue | Villager (Male) |
| 5:21 | Queue | Villager (Male) |
| 5:27 | Build | House |
| 5:53 | Queue | Villager (Male) |
| 5:56 | Queue | Villager (Male) |
| 5:56 | Queue | Villager (Male) |
| 5:56 | Queue | Villager (Male) |
| 6:26 | Queue | Villager (Male) |
| 6:26 | Queue | Villager (Male) |
| 6:33 | Queue | Villager (Male) |
| 6:33 | Queue | Villager (Male) |
| 6:47 | Build | House |
| 7:09 | Queue | Villager (Male) |
| 7:09 | Queue | Villager (Male) |
| 7:14 | Queue | Villager (Male) |
| 7:14 | Queue | Villager (Male) |
| 7:18 | Queue | Villager (Male) |
| 7:21 | Queue | Villager (Male) |
| 7:21 | Queue | Villager (Male) |
| 7:23 | Queue | Villager (Male) |
| 7:35 | Queue | Villager (Male) |
| 7:36 | Queue | Villager (Male) |
| 7:42 | Queue | Villager (Male) |
| 7:46 | Queue | Villager (Male) |
| 7:53 | Research | Feudal Age |
| 8:23 | Build | Mining Camp |
| 8:49 | Queue | Villager (Male) |
| 8:55 | Build | House |
| 8:55 | Queue | Villager (Male) |
| 8:57 | Queue | Villager (Male) |
| 8:58 | Queue | Villager (Male) |
| 8:59 | Queue | Villager (Male) |
| 8:59 | Queue | Villager (Male) |
| 9:01 | Queue | Villager (Male) |
| 9:07 | Queue | Villager (Male) |
| 9:09 | Queue | Villager (Male) |
| 9:09 | Queue | Villager (Male) |
| 9:27 | Queue | Villager (Male) |
| 9:29 | Build | Mill |
| 9:30 | Queue | Villager (Male) |
| 9:45 | Queue | Villager (Male) |
| 9:46 | Queue | Villager (Male) |
| 9:53 | Queue | Villager (Male) |
| 9:57 | Queue | Villager (Male) |
| 10:00 | Queue | Villager (Male) |
| 10:03 | Age | Feudal Age |
| 10:03 | Research | Double-Bit Axe |
| 10:04 | Queue | Villager (Male) |
| 10:04 | Queue | Villager (Male) |
| 10:05 | Queue | Villager (Male) |
| 10:07 | Queue | Villager (Male) |
| 10:08 | Queue | Villager (Male) |
| 10:09 | Queue | Villager (Male) |
| 10:22 | Build | Market |
| 10:27 | Queue | Villager (Male) |
| 10:30 | Queue | Villager (Male) |
| 10:33 | Queue | Villager (Male) |
| 10:33 | Queue | Villager (Male) |
| 10:39 | Queue | Villager (Male) |
| 10:50 | Queue | Villager (Male) |
| 11:02 | Build | Blacksmith |
| 11:02 | Queue | Villager (Male) |
| 11:02 | Queue | Villager (Male) |
| 11:04 | Queue | Villager (Male) |
| 11:21 | Queue | Villager (Male) |
| 11:38 | Build | House |
| 11:46 | Queue | Villager (Male) |
| 12:28 | Queue | Villager (Male) |
| 12:53 | Queue | Villager (Male) |
| 12:53 | Queue | Villager (Male) |
| 13:10 | Research | Castle Age |
| 13:28 | Research | Horse Collar |
| 13:29 | Research | Horse Collar |
| 13:32 | Build | Farm |
| 13:33 | Build | Farm |
| 13:34 | Build | Farm |
| 13:35 | Build | Farm |
| 13:37 | Build | Farm |
| 14:24 | Queue | Villager (Male) |
| 14:25 | Queue | Villager (Male) |
| 14:26 | Queue | Villager (Male) |
| 14:36 | Build | Farm |
| 14:38 | Build | Farm |
| 14:39 | Build | Farm |
| 14:50 | Build | House |
| 14:57 | Queue | Villager (Male) |
| 14:58 | Queue | Villager (Male) |
| 15:00 | Queue | Villager (Male) |
| 15:06 | Queue | Villager (Male) |
| 15:08 | Queue | Villager (Male) |
| 15:13 | Queue | Villager (Male) |
| 15:16 | Queue | Villager (Male) |
| 15:25 | Queue | Villager (Male) |
| 15:25 | Queue | Villager (Male) |
| 15:28 | Queue | Villager (Male) |
| 15:41 | Queue | Villager (Male) |
| 15:47 | Queue | Villager (Male) |
| 15:59 | Age | Castle Age |
| 16:03 | Build | Siege Workshop |
| 16:06 | Queue | Villager (Male) |
| 16:06 | Queue | Villager (Male) |
| 16:12 | Queue | Villager (Male) |
| 16:15 | Queue | Villager (Male) |
| 16:32 | Build | Palisade Gate |
| 16:34 | Build | Palisade Wall |
| 16:35 | Queue | Villager (Male) |
| 16:35 | Queue | Villager (Male) |
| 16:36 | Queue | Villager (Male) |
| 16:39 | Queue | Villager (Male) |
| 16:40 | Research | Bow Saw |
| 16:41 | Queue | Villager (Male) |
| 16:41 | Queue | Villager (Male) |
| 16:58 | Build | Town Center |
| 16:59 | Queue | Villager (Male) |
| 16:59 | Queue | Villager (Male) |
| 17:00 | Queue | Villager (Male) |
| 17:06 | Queue | Armored Elephant |
| 17:09 | Queue | Villager (Male) |
| 17:18 | Build | Palisade Wall |
| 17:18 | Queue | Villager (Male) |
| 17:20 | Queue | Villager (Male) |
| 17:23 | Queue | Villager (Male) |
| 17:27 | Queue | Villager (Male) |
| 17:30 | Queue | Villager (Male) |
| 17:33 | Queue | Villager (Male) |
| 17:37 | Research | Loom |
| 17:46 | Queue | Mangonel |
| 17:53 | Queue | Villager (Male) |
| 17:53 | Queue | Villager (Male) |
Build order — Wolf Hill Expert
First 150 of 420 actions detected
| 0:01 | Queue | Villager (Male) |
| 0:02 | Queue | Villager (Male) |
| 0:02 | Queue | Villager (Male) |
| 0:02 | Queue | Villager (Male) |
| 0:03 | Build | House |
| 0:04 | Build | House |
| 0:08 | Research | Loom |
| 0:35 | Queue | Villager (Male) |
| 0:35 | Queue | Villager (Male) |
| 0:40 | Queue | Villager (Male) |
| 0:40 | Queue | Villager (Male) |
| 1:19 | Build | Palisade Wall |
| 1:43 | Build | Lumber Camp |
| 2:15 | Build | Palisade Wall |
| 2:22 | Queue | Villager (Male) |
| 2:22 | Queue | Villager (Male) |
| 2:56 | Build | Palisade Wall |
| 3:03 | Queue | Villager (Male) |
| 3:35 | Queue | Villager (Male) |
| 4:06 | Queue | Villager (Male) |
| 4:45 | Queue | Villager (Male) |
| 4:49 | Build | House |
| 5:04 | Queue | Villager (Male) |
| 5:04 | Queue | Villager (Male) |
| 5:23 | Queue | Villager (Male) |
| 5:25 | Build | House |
| 5:42 | Queue | Villager (Male) |
| 6:01 | Build | Palisade Wall |
| 6:05 | Queue | Villager (Male) |
| 6:28 | Queue | Villager (Male) |
| 6:32 | Build | Dock |
| 6:37 | Build | Dock |
| 6:59 | Build | Palisade Wall |
| 7:00 | Queue | Villager (Male) |
| 7:21 | Queue | Villager (Male) |
| 7:41 | Queue | Villager (Male) |
| 7:54 | Queue | Fishing Ship |
| 7:54 | Queue | Fishing Ship |
| 7:55 | Queue | Villager (Male) |
| 8:21 | Build | Lumber Camp |
| 8:30 | Queue | Villager (Male) |
| 8:33 | Build | House |
| 8:39 | Queue | Villager (Male) |
| 8:50 | Build | House |
| 8:57 | Queue | Villager (Male) |
| 9:17 | Queue | Fishing Ship |
| 9:22 | Build | House |
| 9:23 | Build | Palisade Wall |
| 9:26 | Build | Palisade Wall |
| 9:27 | Queue | Villager (Male) |
| 9:52 | Queue | Villager (Male) |
| 9:58 | Build | Palisade Wall |
| 10:13 | Queue | Villager (Male) |
| 10:19 | Queue | Fishing Ship |
| 10:27 | Queue | Villager (Male) |
| 10:29 | Build | Mill |
| 10:30 | Queue | Villager (Male) |
| 10:41 | Queue | Villager (Male) |
| 10:52 | Queue | Villager (Male) |
| 10:54 | Build | Mining Camp |
| 11:08 | Queue | Villager (Male) |
| 11:14 | Build | House |
| 11:27 | Queue | Fishing Ship |
| 11:27 | Queue | Villager (Male) |
| 11:46 | Build | House |
| 11:57 | Build | Mining Camp |
| 12:05 | Research | Feudal Age |
| 12:27 | Queue | Fishing Ship |
| 13:26 | Queue | Fishing Ship |
| 13:44 | Queue | Villager (Male) |
| 13:44 | Queue | Villager (Male) |
| 14:15 | Age | Feudal Age |
| 14:19 | Build | Market |
| 14:21 | Build | Blacksmith |
| 14:39 | Build | Dock |
| 14:40 | Queue | Villager (Male) |
| 14:48 | Build | Stone Wall |
| 14:50 | Build | Gate |
| 14:55 | Build | Stone Wall |
| 15:13 | Research | Castle Age |
| 15:15 | Build | Fish Trap |
| 15:27 | Build | Fish Trap |
| 15:58 | Build | Fish Trap |
| 16:19 | Build | Fish Trap |
| 16:25 | Research | Double-Bit Axe |
| 16:54 | Research | Tech 906 |
| 17:16 | Build | Fish Trap |
| 17:25 | Build | Fish Trap |
| 17:40 | Build | Stone Wall |
| 17:41 | Build | Gate |
| 17:51 | Queue | Fishing Ship |
| 17:53 | Age | Castle Age |
| 17:54 | Queue | Villager (Male) |
| 18:11 | Build | Siege Workshop |
| 18:12 | Queue | Villager (Male) |
| 18:23 | Queue | Villager (Male) |
| 18:28 | Queue | Villager (Male) |
| 18:39 | Build | Fish Trap |
| 18:40 | Queue | Villager (Male) |
| 18:55 | Queue | Mangonel |
| 18:56 | Queue | Villager (Male) |
| 19:04 | Build | House |
| 19:07 | Build | House |
| 19:08 | Queue | Villager (Male) |
| 19:20 | Queue | Fishing Ship |
| 19:21 | Queue | Villager (Male) |
| 19:38 | Queue | Fishing Ship |
| 19:39 | Queue | Villager (Male) |
| 19:41 | Queue | Villager (Male) |
| 19:44 | Build | House |
| 19:56 | Queue | Villager (Male) |
| 20:09 | Research | Gillnets |
| 20:10 | Queue | Villager (Male) |
| 20:18 | Queue | Villager (Male) |
| 20:20 | Build | Fish Trap |
| 20:36 | Queue | Villager (Male) |
| 20:39 | Build | Town Center |
| 20:43 | Build | Lumber Camp |
| 20:46 | Queue | Villager (Male) |
| 20:57 | Queue | Villager (Male) |
| 21:03 | Build | Fish Trap |
| 21:04 | Queue | Fishing Ship |
| 21:05 | Queue | Villager (Male) |
| 21:22 | Queue | Villager (Male) |
| 21:36 | Queue | Villager (Male) |
| 21:39 | Build | Monastery |
| 21:42 | Queue | Villager (Male) |
| 21:42 | Queue | Villager (Male) |
| 21:46 | Queue | Villager (Male) |
| 21:52 | Build | Fish Trap |
| 21:54 | Queue | Fishing Ship |
| 21:55 | Queue | Fishing Ship |
| 21:55 | Queue | Villager (Male) |
| 22:02 | Queue | Villager (Male) |
| 22:06 | Research | Wheelbarrow |
| 22:11 | Queue | Villager (Male) |
| 22:23 | Queue | Villager (Male) |
| 22:26 | Build | Town Center |
| 22:35 | Queue | Villager (Male) |
| 22:45 | Research | Horse Collar |
| 22:49 | Build | Fish Trap |
| 22:49 | Queue | Villager (Male) |
| 23:07 | Queue | Villager (Male) |
| 23:16 | Build | Fish Trap |
| 23:18 | Research | Heavy Plow |
| 23:21 | Queue | Villager (Male) |
| 23:24 | Build | Farm |
| 23:24 | Queue | Villager (Male) |
| 23:25 | Queue | Villager (Male) |
| 23:25 | Queue | Villager (Male) |
Build order — Tupac_Amaru
First 150 of 250 actions detected
| 0:02 | Queue | Villager (Male) |
| 0:02 | Queue | Villager (Male) |
| 0:02 | Queue | Villager (Male) |
| 0:02 | Queue | Villager (Male) |
| 0:03 | Build | House |
| 0:05 | Build | House |
| 1:09 | Build | Palisade Wall |
| 1:36 | Queue | Villager (Male) |
| 1:36 | Queue | Villager (Male) |
| 1:36 | Queue | Villager (Male) |
| 2:22 | Build | House |
| 2:27 | Queue | Villager (Male) |
| 2:28 | Queue | Villager (Male) |
| 2:28 | Queue | Villager (Male) |
| 2:39 | Queue | Villager (Male) |
| 2:39 | Queue | Villager (Male) |
| 2:39 | Queue | Villager (Male) |
| 3:07 | Queue | Villager (Male) |
| 3:07 | Queue | Villager (Male) |
| 3:29 | Build | Lumber Camp |
| 3:44 | Queue | Villager (Male) |
| 3:45 | Queue | Villager (Male) |
| 3:45 | Queue | Villager (Male) |
| 3:45 | Queue | Villager (Male) |
| 3:45 | Queue | Villager (Male) |
| 4:11 | Queue | Villager (Male) |
| 4:11 | Queue | Villager (Male) |
| 4:11 | Queue | Villager (Male) |
| 4:38 | Queue | Villager (Male) |
| 4:54 | Queue | Villager (Male) |
| 4:54 | Queue | Villager (Male) |
| 4:55 | Queue | Villager (Male) |
| 5:37 | Build | Mining Camp |
| 5:49 | Queue | Villager (Male) |
| 6:16 | Research | Loom |
| 7:11 | Research | Feudal Age |
| 8:03 | Build | House |
| 8:16 | Queue | Villager (Male) |
| 8:16 | Queue | Villager (Male) |
| 8:23 | Build | Barracks |
| 9:00 | Queue | Villager (Male) |
| 9:00 | Queue | Villager (Male) |
| 9:21 | Age | Feudal Age |
| 9:27 | Build | Archery Range |
| 9:34 | Build | Archery Range |
| 10:07 | Build | Blacksmith |
| 10:13 | Build | House |
| 10:17 | Queue | Villager (Male) |
| 10:31 | Queue | Archer |
| 10:32 | Queue | Archer |
| 10:53 | Research | Fletching |
| 11:00 | Queue | Archer |
| 11:00 | Queue | Archer |
| 11:14 | Queue | Villager (Male) |
| 11:14 | Queue | Villager (Male) |
| 11:14 | Queue | Villager (Male) |
| 11:42 | Build | House |
| 12:07 | Queue | Archer |
| 12:07 | Queue | Archer |
| 12:12 | Build | House |
| 12:18 | Queue | Villager (Male) |
| 12:18 | Queue | Villager (Male) |
| 12:39 | Queue | Archer |
| 12:39 | Queue | Archer |
| 13:03 | Queue | Archer |
| 13:04 | Queue | Archer |
| 13:12 | Build | Mill |
| 13:47 | Build | Watch Tower |
| 14:16 | Queue | Villager (Male) |
| 14:16 | Queue | Villager (Male) |
| 14:17 | Queue | Villager (Male) |
| 14:31 | Build | Mining Camp |
| 14:43 | Build | Palisade Gate |
| 14:47 | Queue | Archer |
| 14:47 | Queue | Archer |
| 15:16 | Queue | Villager (Male) |
| 15:16 | Queue | Villager (Male) |
| 15:16 | Queue | Villager (Male) |
| 15:16 | Queue | Villager (Male) |
| 15:34 | Build | House |
| 16:09 | Queue | Villager (Male) |
| 16:10 | Queue | Villager (Male) |
| 16:10 | Queue | Villager (Male) |
| 16:10 | Queue | Villager (Male) |
| 16:53 | Queue | Villager (Male) |
| 16:54 | Queue | Villager (Male) |
| 17:12 | Build | Stone Wall |
| 17:26 | Queue | Villager (Male) |
| 17:26 | Queue | Villager (Male) |
| 17:26 | Queue | Villager (Male) |
| 18:08 | Queue | Villager (Male) |
| 18:08 | Queue | Villager (Male) |
| 18:11 | Build | Farm |
| 18:11 | Build | Farm |
| 18:11 | Build | Farm |
| 18:11 | Build | Farm |
| 18:12 | Build | Farm |
| 18:12 | Build | Farm |
| 18:12 | Build | Farm |
| 18:13 | Build | Farm |
| 18:15 | Queue | Villager (Male) |
| 18:31 | Build | House |
| 19:48 | Build | Gate |
| 20:22 | Build | Market |
| 20:25 | Queue | Villager (Male) |
| 21:35 | Research | Castle Age |
| 21:53 | Build | Stone Wall |
| 21:55 | Build | Stone Wall |
| 23:04 | Build | Stone Wall |
| 23:09 | Build | Stone Wall |
| 23:25 | Build | Stone Wall |
| 23:35 | Build | Stone Wall |
| 24:14 | Queue | Villager (Male) |
| 24:14 | Queue | Villager (Male) |
| 24:15 | Age | Castle Age |
| 24:30 | Build | Castle |
| 24:43 | Research | Elite Skirmisher (upgrade) |
| 24:47 | Build | Archery Range |
| 24:51 | Queue | Villager (Male) |
| 24:51 | Queue | Villager (Male) |
| 25:23 | Build | Stone Wall |
| 25:32 | Build | Stone Wall |
| 25:51 | Build | Stone Wall |
| 26:02 | Build | Farm |
| 26:04 | Queue | Villager (Male) |
| 26:05 | Queue | Villager (Male) |
| 26:05 | Queue | Villager (Male) |
| 26:41 | Queue | Villager (Male) |
| 26:42 | Queue | Villager (Male) |
| 27:49 | Build | Stone Wall |
| 28:12 | Build | Lumber Camp |
| 29:25 | Research | Imperial Age |
| 29:55 | Build | Palisade Wall |
| 32:35 | Age | Imperial Age |
| 33:02 | Queue | Villager (Male) |
| 33:02 | Queue | Villager (Male) |
| 33:02 | Queue | Villager (Male) |
| 33:07 | Queue | Villager (Male) |
| 33:07 | Queue | Villager (Male) |
| 33:07 | Queue | Villager (Male) |
| 33:25 | Build | Stone Wall |
| 33:50 | Build | Town Center |
| 34:11 | Build | Siege Workshop |
| 34:32 | Queue | Mangonel |
| 35:34 | Queue | Mangonel |
| 35:43 | Build | Stone Wall |
| 35:51 | Build | Stone Wall |
| 36:27 | Build | Lumber Camp |
| 36:38 | Queue | Villager (Male) |
| 36:39 | Queue | Villager (Male) |
Build order — Loto
First 150 of 619 actions detected
| 0:01 | Queue | Villager (Male) |
| 0:01 | Queue | Villager (Male) |
| 0:03 | Build | House |
| 0:04 | Build | House |
| 0:32 | Queue | Villager (Male) |
| 0:32 | Queue | Villager (Male) |
| 0:32 | Queue | Villager (Male) |
| 1:34 | Queue | Villager (Male) |
| 2:09 | Build | Lumber Camp |
| 2:11 | Queue | Villager (Male) |
| 2:12 | Queue | Villager (Male) |
| 2:12 | Queue | Villager (Male) |
| 2:59 | Queue | Villager (Male) |
| 2:59 | Queue | Villager (Male) |
| 3:33 | Build | House |
| 3:38 | Queue | Villager (Male) |
| 3:45 | Build | House |
| 3:46 | Build | House |
| 4:09 | Queue | Villager (Male) |
| 4:09 | Queue | Villager (Male) |
| 4:53 | Queue | Villager (Male) |
| 5:13 | Queue | Villager (Male) |
| 5:33 | Queue | Villager (Male) |
| 5:43 | Build | Dock |
| 5:47 | Queue | Villager (Male) |
| 6:30 | Build | House |
| 6:33 | Queue | Fishing Ship |
| 6:34 | Queue | Villager (Male) |
| 6:54 | Queue | Villager (Male) |
| 7:33 | Queue | Villager (Male) |
| 7:53 | Queue | Fishing Ship |
| 8:05 | Build | Lumber Camp |
| 8:11 | Build | Mill |
| 8:16 | Queue | Villager (Male) |
| 8:17 | Queue | Villager (Male) |
| 8:42 | Queue | Fishing Ship |
| 9:26 | Queue | Villager (Male) |
| 9:27 | Queue | Villager (Male) |
| 10:15 | Queue | Villager (Male) |
| 10:17 | Queue | Fishing Ship |
| 10:22 | Build | House |
| 10:24 | Build | House |
| 10:42 | Research | Feudal Age |
| 10:42 | Research | Feudal Age |
| 11:20 | Queue | Fishing Ship |
| 12:18 | Queue | Villager (Male) |
| 12:18 | Queue | Villager (Male) |
| 12:30 | Queue | Fishing Ship |
| 12:52 | Age | Feudal Age |
| 12:54 | Build | Market |
| 12:57 | Build | Blacksmith |
| 13:02 | Research | Double-Bit Axe |
| 13:03 | Research | Double-Bit Axe |
| 13:23 | Queue | Villager (Male) |
| 14:14 | Research | Castle Age |
| 14:14 | Research | Castle Age |
| 14:25 | Build | Fish Trap |
| 14:36 | Build | Fish Trap |
| 15:33 | Build | Fish Trap |
| 15:43 | Build | Fish Trap |
| 16:02 | Build | Fish Trap |
| 16:10 | Build | Fish Trap |
| 16:22 | Queue | Villager (Male) |
| 16:23 | Queue | Villager (Male) |
| 16:54 | Age | Castle Age |
| 16:57 | Build | Town Center |
| 17:05 | Build | Town Center |
| 17:16 | Research | Bow Saw |
| 17:16 | Research | Bow Saw |
| 17:34 | Queue | Villager (Male) |
| 17:34 | Queue | Villager (Male) |
| 17:34 | Queue | Villager (Male) |
| 17:42 | Queue | Fishing Ship |
| 17:53 | Queue | Villager (Male) |
| 18:12 | Research | Wheelbarrow |
| 18:23 | Queue | Villager (Male) |
| 18:24 | Queue | Villager (Male) |
| 18:35 | Queue | Villager (Male) |
| 18:40 | Build | Fish Trap |
| 18:42 | Queue | Fishing Ship |
| 18:43 | Queue | Transport Ship |
| 18:44 | Research | Tech 906 |
| 18:48 | Queue | Fishing Ship |
| 18:49 | Queue | Villager (Male) |
| 18:53 | Research | Horse Collar |
| 18:54 | Research | Horse Collar |
| 19:00 | Queue | Villager (Male) |
| 19:01 | Queue | Villager (Male) |
| 19:07 | Build | Farm |
| 19:09 | Build | Farm |
| 19:11 | Build | Farm |
| 19:12 | Build | Farm |
| 19:18 | Queue | Villager (Male) |
| 19:35 | Build | Fish Trap |
| 19:38 | Queue | Fishing Ship |
| 19:43 | Build | House |
| 19:44 | Build | House |
| 19:56 | Build | House |
| 19:57 | Build | House |
| 20:01 | Research | Loom |
| 20:08 | Queue | Villager (Male) |
| 20:08 | Queue | Villager (Male) |
| 20:09 | Queue | Villager (Male) |
| 20:10 | Queue | Villager (Male) |
| 20:14 | Build | Farm |
| 20:16 | Queue | Villager (Male) |
| 20:21 | Build | Fish Trap |
| 20:24 | Queue | Fishing Ship |
| 20:39 | Build | House |
| 20:40 | Build | House |
| 20:41 | Build | House |
| 20:43 | Build | House |
| 20:44 | Build | House |
| 20:44 | Build | House |
| 20:47 | Queue | Villager (Male) |
| 20:47 | Queue | Villager (Male) |
| 20:52 | Build | Fish Trap |
| 21:16 | Build | Town Center |
| 21:20 | Queue | Villager (Male) |
| 21:20 | Queue | Villager (Male) |
| 21:20 | Queue | Villager (Male) |
| 21:26 | Build | Farm |
| 21:31 | Build | Farm |
| 21:34 | Build | Farm |
| 21:36 | Queue | Villager (Male) |
| 21:39 | Research | Hand Cart |
| 21:42 | Research | Heavy Plow |
| 21:43 | Research | Heavy Plow |
| 21:44 | Queue | Villager (Male) |
| 21:44 | Queue | Villager (Male) |
| 21:47 | Build | Farm |
| 21:48 | Build | Farm |
| 21:48 | Build | Farm |
| 21:48 | Build | Farm |
| 21:49 | Build | Farm |
| 21:55 | Build | Fish Trap |
| 21:58 | Queue | Fishing Ship |
| 21:58 | Queue | Fishing Ship |
| 21:58 | Queue | Fishing Ship |
| 22:11 | Queue | Villager (Male) |
| 22:12 | Queue | Villager (Male) |
| 22:12 | Queue | Villager (Male) |
| 22:15 | Build | House |
| 22:16 | Build | House |
| 22:17 | Build | House |
| 22:18 | Build | House |
| 22:22 | Queue | Villager (Male) |
| 22:39 | Build | Farm |
| 22:39 | Build | Farm |
| 22:39 | Build | Farm |
Build order — Casualstone
First 150 of 432 actions detected
| 0:02 | Queue | Villager (Male) |
| 0:02 | Queue | Villager (Male) |
| 0:05 | Build | House |
| 0:06 | Build | House |
| 0:29 | Queue | Villager (Male) |
| 0:29 | Queue | Villager (Male) |
| 1:10 | Research | Loom |
| 1:19 | Queue | Villager (Male) |
| 1:19 | Queue | Villager (Male) |
| 1:38 | Build | Palisade Wall |
| 1:58 | Queue | Villager (Male) |
| 1:58 | Queue | Villager (Male) |
| 2:39 | Queue | Villager (Male) |
| 2:48 | Build | Palisade Wall |
| 2:52 | Build | Palisade Wall |
| 3:03 | Queue | Villager (Male) |
| 3:04 | Queue | Villager (Male) |
| 3:35 | Queue | Villager (Male) |
| 3:35 | Queue | Villager (Male) |
| 3:35 | Queue | Villager (Male) |
| 3:58 | Queue | Villager (Male) |
| 4:11 | Build | Lumber Camp |
| 4:20 | Queue | Villager (Male) |
| 4:53 | Queue | Villager (Male) |
| 5:02 | Build | House |
| 5:20 | Queue | Villager (Male) |
| 5:21 | Queue | Villager (Male) |
| 5:38 | Build | House |
| 5:52 | Queue | Villager (Male) |
| 5:52 | Queue | Villager (Male) |
| 6:19 | Queue | Villager (Male) |
| 6:44 | Queue | Villager (Male) |
| 6:53 | Build | House |
| 7:04 | Queue | Villager (Male) |
| 7:04 | Queue | Villager (Male) |
| 7:27 | Build | House |
| 7:52 | Build | Dock |
| 7:54 | Queue | Villager (Male) |
| 7:56 | Build | House |
| 8:28 | Queue | Villager (Male) |
| 8:54 | Queue | Villager (Male) |
| 9:21 | Queue | Villager (Male) |
| 9:21 | Queue | Villager (Male) |
| 9:24 | Build | Mining Camp |
| 9:46 | Queue | Villager (Male) |
| 10:19 | Queue | Villager (Male) |
| 10:51 | Research | Feudal Age |
| 10:59 | Build | Mill |
| 11:08 | Queue | Fishing Ship |
| 11:38 | Build | Dock |
| 11:50 | Build | Dock |
| 11:54 | Queue | Fishing Ship |
| 12:07 | Build | Lumber Camp |
| 12:44 | Build | House |
| 12:53 | Queue | Villager (Male) |
| 12:55 | Queue | Fishing Ship |
| 12:55 | Queue | Fishing Ship |
| 13:01 | Age | Feudal Age |
| 13:03 | Research | Double-Bit Axe |
| 13:29 | Research | Tech 906 |
| 13:30 | Queue | Villager (Male) |
| 13:30 | Queue | Villager (Male) |
| 13:30 | Queue | Villager (Male) |
| 13:36 | Queue | Fishing Ship |
| 13:40 | Build | House |
| 13:44 | Build | House |
| 13:58 | Queue | Fishing Ship |
| 13:59 | Queue | Fishing Ship |
| 14:00 | Queue | Fishing Ship |
| 14:40 | Build | Fish Trap |
| 14:44 | Queue | Villager (Male) |
| 14:50 | Build | Fish Trap |
| 15:02 | Build | Fish Trap |
| 15:03 | Queue | Fishing Ship |
| 15:08 | Build | Fish Trap |
| 15:09 | Queue | Villager (Male) |
| 15:12 | Build | Fish Trap |
| 15:24 | Queue | Villager (Male) |
| 15:38 | Build | Market |
| 15:39 | Queue | Villager (Male) |
| 16:25 | Build | House |
| 16:26 | Queue | Villager (Male) |
| 16:38 | Build | Blacksmith |
| 16:47 | Queue | Fishing Ship |
| 16:47 | Queue | Fishing Ship |
| 16:55 | Build | Fish Trap |
| 17:04 | Queue | Villager (Male) |
| 17:07 | Build | Fish Trap |
| 17:16 | Build | Fish Trap |
| 17:26 | Build | Fish Trap |
| 17:39 | Queue | Villager (Male) |
| 17:44 | Build | House |
| 17:45 | Build | House |
| 17:57 | Build | Fish Trap |
| 18:05 | Build | Fish Trap |
| 18:06 | Research | Castle Age |
| 18:23 | Queue | Fishing Ship |
| 18:23 | Queue | Fishing Ship |
| 19:25 | Queue | Fishing Ship |
| 19:26 | Queue | Fishing Ship |
| 19:34 | Build | Fish Trap |
| 19:45 | Research | Horse Collar |
| 19:49 | Build | House |
| 19:58 | Build | Fish Trap |
| 20:12 | Build | Fish Trap |
| 20:16 | Build | Fish Trap |
| 20:27 | Build | Stone Wall |
| 20:46 | Age | Castle Age |
| 20:47 | Build | Stone Wall |
| 20:53 | Build | Stone Wall |
| 20:55 | Build | Stone Wall |
| 20:58 | Build | Stone Wall |
| 21:04 | Queue | Villager (Male) |
| 21:25 | Queue | Villager (Male) |
| 21:25 | Queue | Villager (Male) |
| 21:27 | Research | Bow Saw |
| 21:31 | Build | Town Center |
| 21:34 | Build | Town Center |
| 22:02 | Build | Stone Wall |
| 22:14 | Queue | Villager (Male) |
| 22:23 | Build | Town Center |
| 22:33 | Queue | Villager (Male) |
| 22:33 | Queue | Villager (Male) |
| 22:47 | Research | Heavy Plow |
| 22:49 | Research | Gillnets |
| 22:49 | Research | Gillnets |
| 23:06 | Queue | Villager (Male) |
| 23:07 | Queue | Villager (Male) |
| 23:07 | Queue | Villager (Male) |
| 23:22 | Build | Mining Camp |
| 23:35 | Research | Stone Mining |
| 23:37 | Queue | Villager (Male) ×5 |
| 24:02 | Build | House |
| 24:03 | Build | House |
| 24:07 | Research | Wheelbarrow |
| 24:23 | Build | Town Center |
| 24:25 | Queue | Villager (Male) ×5 |
| 24:27 | Queue | Fishing Ship |
| 24:29 | Queue | Fishing Ship |
| 24:39 | Build | House |
| 24:42 | Build | House |
| 24:51 | Build | Monastery |
| 24:55 | Queue | Villager (Male) |
| 24:56 | Queue | Villager (Male) |
| 24:59 | Build | Farm |
| 25:00 | Build | Farm |
| 25:01 | Build | Farm |
| 25:18 | Queue | Villager (Male) |
| 25:18 | Queue | Villager (Male) |
| 25:19 | Queue | Villager (Male) |
Build order — LOMBANA FC3797
First 150 of 583 actions detected
| 0:16 | Queue | Villager (Male) |
| 0:16 | Queue | Villager (Male) |
| 0:16 | Queue | Villager (Male) |
| 0:16 | Build | House |
| 0:17 | Build | House |
| 0:27 | Queue | Villager (Male) |
| 0:41 | Research | Loom |
| 0:41 | Research | Loom |
| 0:41 | Research | Loom |
| 0:46 | Queue | Villager (Male) |
| 0:47 | Queue | Villager (Male) |
| 0:47 | Queue | Villager (Male) |
| 1:12 | Build | Palisade Wall |
| 2:01 | Queue | Villager (Male) |
| 2:24 | Queue | Villager (Male) |
| 2:49 | Build | Lumber Camp |
| 2:53 | Queue | Villager (Male) |
| 3:14 | Queue | Villager (Male) |
| 3:15 | Queue | Villager (Male) |
| 3:29 | Queue | Villager (Male) |
| 4:01 | Queue | Villager (Male) |
| 4:01 | Queue | Villager (Male) |
| 4:09 | Build | House |
| 4:45 | Queue | Villager (Male) |
| 4:45 | Queue | Villager (Male) |
| 5:34 | Queue | Villager (Male) |
| 6:14 | Queue | Villager (Male) |
| 6:29 | Build | House |
| 6:47 | Queue | Villager (Male) |
| 7:00 | Build | Dock |
| 7:02 | Queue | Villager (Male) |
| 7:30 | Build | Mill |
| 7:46 | Queue | Villager (Male) |
| 7:47 | Queue | Villager (Male) |
| 8:06 | Queue | Villager (Male) |
| 8:13 | Build | House |
| 8:21 | Queue | Fishing Ship |
| 8:21 | Queue | Fishing Ship |
| 9:00 | Queue | Villager (Male) |
| 9:13 | Build | Mining Camp |
| 9:19 | Queue | Villager (Male) |
| 9:38 | Research | Feudal Age |
| 10:04 | Build | Palisade Wall |
| 10:21 | Queue | Villager (Male) |
| 10:26 | Queue | Fishing Ship |
| 10:31 | Build | House |
| 11:36 | Queue | Villager (Male) |
| 12:02 | Age | Feudal Age |
| 12:07 | Build | Stone Wall |
| 12:36 | Build | Market |
| 12:39 | Queue | Villager (Male) |
| 13:01 | Build | Stone Wall |
| 13:08 | Build | Mining Camp |
| 13:22 | Queue | Villager (Male) |
| 13:37 | Build | Blacksmith |
| 14:34 | Research | Castle Age |
| 14:41 | Build | Watch Tower |
| 14:51 | Research | Fletching |
| 15:00 | Queue | Fishing Ship |
| 15:01 | Queue | Fishing Ship |
| 15:24 | Build | Watch Tower |
| 15:37 | Build | House |
| 16:28 | Queue | Demolition Raft |
| 16:34 | Queue | Fishing Ship |
| 16:34 | Queue | Fishing Ship |
| 16:36 | Queue | Villager (Male) |
| 16:45 | Build | Barracks |
| 17:14 | Age | Castle Age |
| 17:16 | Research | Double-Bit Axe |
| 17:22 | Build | House |
| 17:24 | Build | House |
| 17:41 | Research | Wheelbarrow |
| 18:07 | Research | Bodkin Arrow |
| 18:09 | Queue | Villager (Male) |
| 18:13 | Research | Tech 906 |
| 18:47 | Build | Lumber Camp |
| 19:21 | Queue | Villager (Male) |
| 19:40 | Build | Fish Trap |
| 19:43 | Build | Fish Trap |
| 19:47 | Build | Fish Trap |
| 19:54 | Queue | Villager (Male) |
| 20:08 | Build | Fish Trap |
| 20:15 | Queue | Villager (Male) |
| 20:30 | Build | Castle |
| 20:42 | Queue | Villager (Male) |
| 20:46 | Build | Fish Trap |
| 20:50 | Build | Fish Trap |
| 20:53 | Queue | Fishing Ship |
| 20:55 | Queue | Villager (Male) |
| 21:34 | Queue | Villager (Male) |
| 21:35 | Queue | Villager (Male) |
| 21:41 | Build | Fish Trap |
| 21:44 | Queue | Fishing Ship |
| 22:15 | Queue | Villager (Male) |
| 22:41 | Queue | Longbowman |
| 22:41 | Queue | Longbowman |
| 22:41 | Queue | Longbowman |
| 22:42 | Queue | Longbowman |
| 22:55 | Queue | Villager (Male) |
| 22:56 | Queue | Villager (Male) |
| 22:59 | Build | Fish Trap |
| 23:10 | Build | Dock |
| 23:14 | Queue | Villager (Male) |
| 23:26 | Queue | Longbowman |
| 23:31 | Build | University |
| 23:35 | Research | Padded Archer Armor |
| 23:53 | Queue | Longbowman |
| 23:53 | Queue | Longbowman |
| 24:06 | Queue | Longbowman |
| 24:15 | Queue | Villager (Male) |
| 24:16 | Queue | Villager (Male) |
| 24:23 | Queue | Longbowman |
| 24:27 | Queue | Fishing Ship |
| 24:28 | Queue | Fishing Ship |
| 24:33 | Build | House |
| 24:33 | Build | House |
| 24:35 | Build | House |
| 24:39 | Research | Ballistics |
| 24:46 | Queue | Longbowman |
| 24:46 | Queue | Longbowman |
| 24:48 | Queue | Villager (Male) |
| 24:49 | Queue | Villager (Male) |
| 25:04 | Queue | Fishing Ship |
| 25:07 | Queue | Fishing Ship |
| 25:29 | Build | Fish Trap |
| 25:34 | Queue | Fishing Ship |
| 25:38 | Queue | Villager (Male) |
| 25:51 | Build | Fish Trap |
| 25:55 | Build | Fish Trap |
| 25:59 | Queue | Fishing Ship |
| 26:02 | Queue | Fishing Ship |
| 26:04 | Queue | Villager (Male) |
| 26:42 | Build | Fish Trap |
| 26:44 | Build | Fish Trap |
| 26:57 | Build | Dock |
| 26:59 | Queue | Villager (Male) |
| 27:05 | Queue | Villager (Male) |
| 27:14 | Build | Fish Trap |
| 27:16 | Build | Fish Trap |
| 27:26 | Queue | Villager (Male) |
| 27:53 | Queue | Villager (Male) |
| 28:19 | Queue | Longbowman |
| 28:19 | Queue | Longbowman |
| 28:27 | Queue | Fishing Ship |
| 28:27 | Queue | Fishing Ship |
| 28:27 | Queue | Fishing Ship |
| 28:30 | Queue | Fishing Ship |
| 28:30 | Queue | Fishing Ship |
| 28:33 | Build | House |
| 28:33 | Build | House |
Build order — 逝
First 150 of 794 actions detected
| 0:04 | Build | House |
| 0:04 | Queue | Villager (Male) |
| 0:04 | Research | Loom |
| 0:05 | Queue | Villager (Male) |
| 0:07 | Queue | Villager (Male) |
| 0:07 | Queue | Villager (Male) |
| 0:07 | Queue | Villager (Male) |
| 0:36 | Build | Lumber Camp |
| 0:56 | Build | House |
| 0:57 | Build | House |
| 1:56 | Queue | Villager (Male) |
| 1:57 | Queue | Villager (Male) |
| 2:32 | Queue | Villager (Male) |
| 2:32 | Queue | Villager (Male) |
| 2:56 | Queue | Villager (Male) |
| 2:56 | Queue | Villager (Male) |
| 3:19 | Build | Dock |
| 3:31 | Build | Dock |
| 3:32 | Queue | Villager (Male) |
| 3:32 | Queue | Villager (Male) |
| 3:49 | Queue | Villager (Male) |
| 3:49 | Queue | Villager (Male) |
| 4:14 | Queue | Fishing Ship |
| 4:14 | Queue | Fishing Ship |
| 4:31 | Queue | Villager (Male) |
| 4:32 | Queue | Villager (Male) |
| 4:57 | Queue | Villager (Male) |
| 4:57 | Queue | Villager (Male) |
| 5:08 | Queue | Fishing Ship |
| 5:08 | Queue | Fishing Ship |
| 5:14 | Queue | Villager (Male) |
| 5:14 | Queue | Villager (Male) |
| 5:45 | Queue | Villager (Male) |
| 5:54 | Build | House |
| 5:55 | Build | House |
| 5:56 | Build | House |
| 5:57 | Build | House |
| 5:57 | Build | House |
| 6:01 | Queue | Villager (Male) |
| 6:01 | Queue | Villager (Male) |
| 6:12 | Research | Loom |
| 6:12 | Research | Loom |
| 6:16 | Queue | Villager (Male) |
| 6:16 | Queue | Villager (Male) |
| 6:27 | Build | House |
| 6:27 | Build | House |
| 6:28 | Build | House |
| 6:42 | Build | House |
| 6:47 | Queue | Fishing Ship |
| 6:58 | Queue | Villager (Male) |
| 6:58 | Queue | Villager (Male) |
| 7:07 | Build | House |
| 7:08 | Build | House |
| 7:25 | Queue | Villager (Male) |
| 7:26 | Queue | Villager (Male) |
| 7:49 | Queue | Fishing Ship |
| 8:14 | Queue | Villager (Male) |
| 8:18 | Queue | Fishing Ship |
| 8:30 | Build | Mill |
| 8:35 | Queue | Villager (Male) |
| 8:50 | Queue | Fishing Ship |
| 9:10 | Queue | Villager (Male) |
| 9:37 | Queue | Villager (Male) |
| 10:00 | Queue | Fishing Ship |
| 10:00 | Queue | Fishing Ship |
| 10:10 | Queue | Villager (Male) |
| 10:28 | Research | Feudal Age |
| 10:29 | Research | Feudal Age |
| 10:36 | Build | Dock |
| 11:03 | Build | Mining Camp |
| 11:06 | Build | Mining Camp |
| 11:46 | Build | Dock |
| 11:54 | Build | House |
| 11:55 | Build | House |
| 11:55 | Build | House |
| 11:56 | Build | House |
| 12:22 | Queue | Villager (Male) |
| 12:32 | Age | Feudal Age |
| 12:35 | Build | Fish Trap |
| 12:35 | Build | Fish Trap |
| 12:41 | Build | Fish Trap |
| 12:42 | Queue | Villager (Male) |
| 12:54 | Build | Market |
| 12:57 | Queue | Villager (Male) |
| 13:19 | Build | Fish Trap |
| 13:48 | Build | House |
| 14:02 | Queue | Villager (Male) |
| 14:03 | Queue | Villager (Male) |
| 14:05 | Research | Wheelbarrow |
| 14:08 | Build | Fish Trap |
| 14:16 | Research | Double-Bit Axe |
| 14:16 | Research | Double-Bit Axe |
| 14:40 | Build | Fish Trap |
| 14:59 | Build | Blacksmith |
| 15:07 | Queue | Villager (Male) |
| 15:21 | Build | Fish Trap |
| 15:52 | Build | Fish Trap |
| 15:53 | Research | Castle Age |
| 15:59 | Queue | Fishing Ship |
| 16:34 | Build | Stone Wall |
| 16:45 | Build | Fish Trap |
| 16:52 | Queue | Fishing Ship |
| 17:02 | Research | Tech 906 |
| 17:02 | Research | Tech 906 |
| 17:13 | Queue | Fishing Ship |
| 17:34 | Build | Fish Trap |
| 17:47 | Build | Dock |
| 18:02 | Build | Fish Trap |
| 18:10 | Queue | Villager (Male) |
| 18:10 | Queue | Villager (Male) |
| 18:11 | Queue | Villager (Male) |
| 18:18 | Age | Castle Age |
| 18:27 | Build | Gate |
| 18:38 | Build | Stone Wall |
| 18:42 | Queue | Villager (Male) |
| 18:50 | Build | Town Center |
| 18:57 | Queue | Villager (Male) |
| 19:03 | Research | Scale Mail Armor |
| 19:08 | Queue | Villager (Male) |
| 19:19 | Queue | Villager (Male) |
| 19:26 | Queue | Fishing Ship |
| 19:27 | Queue | Fishing Ship |
| 19:27 | Queue | Fishing Ship |
| 19:47 | Build | Stone Wall |
| 19:56 | Queue | Villager (Male) |
| 19:56 | Queue | Villager (Male) |
| 19:56 | Queue | Villager (Male) |
| 19:57 | Queue | Villager (Male) |
| 19:58 | Queue | Villager (Male) |
| 20:05 | Build | Fish Trap |
| 20:08 | Build | Fish Trap |
| 20:11 | Build | Fish Trap |
| 20:15 | Queue | Fire Galley |
| 20:15 | Queue | Fishing Ship |
| 20:16 | Queue | Fishing Ship |
| 20:16 | Queue | Fishing Ship |
| 20:23 | Queue | Fishing Ship |
| 20:34 | Queue | Villager (Male) |
| 20:34 | Queue | Villager (Male) |
| 20:51 | Build | Town Center |
| 21:01 | Queue | Villager (Male) |
| 21:12 | Build | Fish Trap |
| 21:24 | Build | Fish Trap |
| 21:49 | Build | Town Center |
| 21:54 | Queue | Villager (Male) |
| 21:55 | Queue | Villager (Male) |
| 21:55 | Queue | Villager (Male) |
| 21:55 | Queue | Villager (Male) |
| 21:56 | Queue | Villager (Male) |
| 22:00 | Build | Fish Trap |
Match timeline
| 1:09 | Tupac_Amaru · wall_segment Palisade Wall x10 |
| 1:12 | LOMBANA FC3797 · wall_segment Palisade Wall x10 |
| 1:19 | Wolf Hill Expert · wall_segment Palisade Wall x9 |
| 1:38 | Casualstone · wall_segment Palisade Wall x8 |
| 2:15 | Wolf Hill Expert · wall_segment Palisade Wall x12 |
| 2:48 | Casualstone · wall_segment Palisade Wall x9 |
| 2:52 | Casualstone · wall_segment Palisade Wall x1 |
| 2:56 | Wolf Hill Expert · wall_segment Palisade Wall x2 |
| 3:19 | 逝 · first_building Dock |
| 5:43 | Loto · first_building Dock |
| 6:01 | Wolf Hill Expert · wall_segment Palisade Wall x7 |
| 6:32 | Wolf Hill Expert · first_building Dock |
| 6:59 | Wolf Hill Expert · wall_segment Palisade Wall x9 |
| 7:00 | LOMBANA FC3797 · first_building Dock |
| 7:52 | Casualstone · first_building Dock |
| 8:23 | Tupac_Amaru · first_building Barracks |
| 8:30 | HIX | Mark Anthony · first_building Barracks |
| 9:21 | Tupac_Amaru · age_up feudal |
| 9:23 | Wolf Hill Expert · wall_segment Palisade Wall x3 |
| 9:26 | Wolf Hill Expert · wall_segment Palisade Wall x7 |
| 9:27 | Tupac_Amaru · first_building Archery Range |
| 9:34 | HIX | Mark Anthony · age_up feudal |
| 9:36 | HIX | Mark Anthony · first_building Stable |
| 9:58 | Wolf Hill Expert · wall_segment Palisade Wall x5 |
| 10:03 | edengr7 · age_up feudal |
| 10:04 | LOMBANA FC3797 · wall_segment Palisade Wall x10 |
| 12:02 | LOMBANA FC3797 · age_up feudal |
| 12:07 | LOMBANA FC3797 · wall_segment Stone Wall x10 |
| 12:32 | 逝 · age_up feudal |
| 12:52 | Loto · age_up feudal |
| 13:01 | LOMBANA FC3797 · wall_segment Stone Wall x1 |
| 13:01 | Casualstone · age_up feudal |
| 14:11 | Loto · first_market_sell 100 wood |
| 14:15 | Wolf Hill Expert · age_up feudal |
| 14:48 | Wolf Hill Expert · wall_segment Stone Wall x3 |
| 14:55 | 逝 · first_market_buy 100 food |
| 14:55 | Wolf Hill Expert · wall_segment Stone Wall x11 |
| 15:59 | edengr7 · age_up castle |
| 16:03 | edengr7 · first_building Siege Workshop |
| 16:34 | edengr7 · wall_segment Palisade Wall x1 |
| 16:34 | 逝 · wall_segment Stone Wall x6 |
| 16:44 | HIX | Mark Anthony · first_market_sell 100 wood |
| 16:45 | LOMBANA FC3797 · first_building Barracks |
| 16:54 | Loto · age_up castle |
| 17:12 | Tupac_Amaru · wall_segment Stone Wall x12 |
| 17:14 | LOMBANA FC3797 · age_up castle |
| 17:18 | edengr7 · wall_segment Palisade Wall x1 |
| 17:40 | Wolf Hill Expert · wall_segment Stone Wall x11 |
| 17:53 | Wolf Hill Expert · age_up castle |
| 18:11 | Wolf Hill Expert · first_building Siege Workshop |
| 18:13 | edengr7 · first_market_buy 100 wood |
| 18:18 | 逝 · age_up castle |
| 18:19 | edengr7 · first_building Monastery |
| 18:38 | 逝 · wall_segment Stone Wall x1 |
| 19:47 | 逝 · wall_segment Stone Wall x1 |
| 19:48 | edengr7 · wall_segment Palisade Wall x1 |
| 20:10 | HIX | Mark Anthony · age_up castle |
| 20:27 | Casualstone · wall_segment Stone Wall x14 |
| 20:30 | LOMBANA FC3797 · first_building Castle |
| 20:35 | Wolf Hill Expert · first_market_buy 100 wood |
| 20:39 | Casualstone · first_market_buy 100 stone |
| 20:46 | Casualstone · age_up castle |
| 20:47 | Casualstone · wall_segment Stone Wall x10 |
| 20:53 | Casualstone · wall_segment Stone Wall x1 |
| 20:55 | Casualstone · wall_segment Stone Wall x3 |
| 20:56 | Loto · first_market_buy 100 stone |
| 20:58 | Casualstone · wall_segment Stone Wall x4 |
| 20:58 | Tupac_Amaru · first_market_buy 100 food |
| 21:39 | Wolf Hill Expert · first_building Monastery |
| 21:43 | 逝 · first_market_sell 100 food |
| 21:46 | Casualstone · first_market_sell 100 food |
| 21:47 | HIX | Mark Anthony · first_market_buy 100 wood |
| 21:53 | Tupac_Amaru · wall_segment Stone Wall x2 |
| 21:55 | HIX | Mark Anthony · first_building Monastery |
| 21:55 | Tupac_Amaru · wall_segment Stone Wall x3 |
| 22:02 | Casualstone · wall_segment Stone Wall x1 |
| 23:04 | Tupac_Amaru · wall_segment Stone Wall x3 |
| 23:09 | Tupac_Amaru · wall_segment Stone Wall x5 |
| 23:25 | Tupac_Amaru · wall_segment Stone Wall x3 |
| 23:35 | Tupac_Amaru · wall_segment Stone Wall x10 |
| 23:57 | Loto · first_building Monastery |
| 24:15 | Tupac_Amaru · age_up castle |
| 24:16 | edengr7 · first_building Barracks |
| 24:30 | Tupac_Amaru · first_building Castle |
| 24:51 | Casualstone · first_building Monastery |
| 24:58 | 逝 · first_building Monastery |
| 25:23 | Tupac_Amaru · wall_segment Stone Wall x8 |
| 25:32 | Tupac_Amaru · wall_segment Stone Wall x6 |
| 25:51 | Tupac_Amaru · wall_segment Stone Wall x5 |
| 26:03 | Casualstone · first_building Castle |
| 26:09 | edengr7 · first_building Castle |
| 26:19 | edengr7 · first_building Stable |
| 26:37 | Loto · first_building Castle |
| 26:45 | Wolf Hill Expert · first_building Barracks |
| 27:49 | Tupac_Amaru · wall_segment Stone Wall x6 |
| 27:54 | Wolf Hill Expert · first_building Archery Range |
| 27:59 | Tupac_Amaru · first_market_sell 100 wood |
| 28:38 | LOMBANA FC3797 · first_market_sell 100 wood |
| 28:41 | LOMBANA FC3797 · first_market_buy 100 food |
| 28:56 | 逝 · first_building Castle |
| 29:06 | HIX | Mark Anthony · tribute_sent a jugador 1 |
| 29:06 | HIX | Mark Anthony · tribute_sent a jugador 3 |
| 29:06 | HIX | Mark Anthony · tribute_sent a jugador 4 |
| 29:06 | HIX | Mark Anthony · tribute_sent a jugador 5 |
| 29:06 | HIX | Mark Anthony · tribute_sent a jugador 6 |
| 29:06 | HIX | Mark Anthony · tribute_sent a jugador 7 |
| 29:06 | HIX | Mark Anthony · tribute_sent a jugador 8 |
| 29:20 | Loto · first_building Barracks |
| 29:53 | Wolf Hill Expert · first_building Castle |
| 29:55 | Tupac_Amaru · wall_segment Palisade Wall x1 |
| 30:13 | Loto · first_building Stable |
| 31:04 | 逝 · age_up imperial |
| 31:12 | Loto · age_up imperial |
| 31:14 | HIX | Mark Anthony · tribute_sent a jugador 1 |
| 31:14 | HIX | Mark Anthony · tribute_sent a jugador 3 |
| 31:14 | HIX | Mark Anthony · tribute_sent a jugador 4 |
| 31:14 | HIX | Mark Anthony · tribute_sent a jugador 5 |
| 31:14 | HIX | Mark Anthony · tribute_sent a jugador 6 |
| 31:14 | HIX | Mark Anthony · tribute_sent a jugador 7 |
| 31:14 | HIX | Mark Anthony · tribute_sent a jugador 8 |
| 31:33 | 逝 · first_building Barracks |
| 31:41 | Wolf Hill Expert · age_up imperial |
| 31:50 | edengr7 · first_market_sell 100 wood |
| 31:53 | HIX | Mark Anthony · first_building Castle |
| 32:05 | LOMBANA FC3797 · age_up imperial |
| 32:09 | 逝 · first_building Stable |
| 32:35 | Tupac_Amaru · age_up imperial |
| 32:39 | Casualstone · first_building Siege Workshop |
| 32:59 | 逝 · wall_segment Stone Wall x8 |
| 33:09 | HIX | Mark Anthony · first_building Siege Workshop |
| 33:25 | Tupac_Amaru · wall_segment Stone Wall x8 |
| 33:30 | Casualstone · age_up imperial |
| 34:11 | Tupac_Amaru · first_building Siege Workshop |
| 35:33 | Wolf Hill Expert · first_market_sell 100 food |
| 35:43 | Tupac_Amaru · wall_segment Stone Wall x2 |
| 35:45 | Loto · first_building Archery Range |
| 35:51 | Tupac_Amaru · wall_segment Stone Wall x1 |
| 36:41 | edengr7 · first_building Archery Range |
| 37:40 | edengr7 · age_up imperial |
| 38:50 | Tupac_Amaru · wall_segment Stone Wall x1 |
| 39:05 | Tupac_Amaru · wall_segment Stone Wall x1 |
| 41:42 | Wolf Hill Expert · resign |
| 43:31 | Casualstone · first_building Barracks |
| 43:40 | HIX | Mark Anthony · tribute_sent a jugador 1 |
| 43:40 | HIX | Mark Anthony · tribute_sent a jugador 3 |
| 43:40 | HIX | Mark Anthony · tribute_sent a jugador 4 |
| 43:40 | HIX | Mark Anthony · tribute_sent a jugador 5 |
| 43:40 | HIX | Mark Anthony · tribute_sent a jugador 6 |
| 43:40 | HIX | Mark Anthony · tribute_sent a jugador 7 |
| 43:40 | HIX | Mark Anthony · tribute_sent a jugador 8 |
| 45:13 | HIX | Mark Anthony · age_up imperial |
| 47:09 | HIX | Mark Anthony · first_building Archery Range |
| 47:11 | edengr7 · wall_segment Palisade Wall x2 |
| 47:14 | edengr7 · wall_segment Palisade Wall x1 |
| 47:15 | edengr7 · wall_segment Palisade Wall x1 |
| 47:28 | edengr7 · wall_segment Palisade Wall x1 |
| 49:13 | Casualstone · first_building Archery Range |
| 50:22 | HIX | Mark Anthony · tribute_sent a jugador 1 |
| 50:22 | HIX | Mark Anthony · tribute_sent a jugador 3 |
| 50:22 | HIX | Mark Anthony · tribute_sent a jugador 4 |
| 50:22 | HIX | Mark Anthony · tribute_sent a jugador 5 |
| 50:22 | HIX | Mark Anthony · tribute_sent a jugador 6 |
| 50:22 | HIX | Mark Anthony · tribute_sent a jugador 7 |
| 50:22 | HIX | Mark Anthony · tribute_sent a jugador 8 |
| 51:28 | HIX | Mark Anthony · tribute_sent a jugador 1 |
| 51:28 | HIX | Mark Anthony · tribute_sent a jugador 3 |
| 51:29 | HIX | Mark Anthony · tribute_sent a jugador 4 |
| 51:29 | HIX | Mark Anthony · tribute_sent a jugador 5 |
| 51:29 | HIX | Mark Anthony · tribute_sent a jugador 6 |
| 51:29 | HIX | Mark Anthony · tribute_sent a jugador 7 |
| 51:29 | HIX | Mark Anthony · tribute_sent a jugador 8 |
| 52:06 | LOMBANA FC3797 · wall_segment Stone Wall x16 |
| 52:10 | LOMBANA FC3797 · wall_segment Stone Wall x9 |
| 53:09 | HIX | Mark Anthony · tribute_sent a jugador 1 |
| 53:09 | HIX | Mark Anthony · tribute_sent a jugador 3 |
| 53:09 | HIX | Mark Anthony · tribute_sent a jugador 4 |
| 53:09 | HIX | Mark Anthony · tribute_sent a jugador 5 |
| 53:09 | HIX | Mark Anthony · tribute_sent a jugador 6 |
| 53:09 | HIX | Mark Anthony · tribute_sent a jugador 7 |
| 53:09 | HIX | Mark Anthony · tribute_sent a jugador 8 |
| 55:40 | HIX | Mark Anthony · tribute_sent a jugador 1 |
| 55:40 | HIX | Mark Anthony · tribute_sent a jugador 3 |
| 55:40 | HIX | Mark Anthony · tribute_sent a jugador 4 |
| 55:40 | HIX | Mark Anthony · tribute_sent a jugador 5 |
| 55:40 | HIX | Mark Anthony · tribute_sent a jugador 6 |
| 55:40 | HIX | Mark Anthony · tribute_sent a jugador 7 |
| 55:40 | HIX | Mark Anthony · tribute_sent a jugador 8 |
| 56:43 | LOMBANA FC3797 · wall_segment Stone Wall x12 |
| 58:36 | HIX | Mark Anthony · tribute_sent a jugador 1 |
| 58:36 | HIX | Mark Anthony · tribute_sent a jugador 3 |
| 58:36 | HIX | Mark Anthony · tribute_sent a jugador 4 |
| 58:36 | HIX | Mark Anthony · tribute_sent a jugador 5 |
| 58:36 | HIX | Mark Anthony · tribute_sent a jugador 6 |
| 58:36 | HIX | Mark Anthony · tribute_sent a jugador 7 |
| 58:36 | HIX | Mark Anthony · tribute_sent a jugador 8 |
[ AI ANALYSIS · 1 CREDIT ]
What really happened in this match?
Wolo.gg analyzes every decision: build order, eco, micro, common mistakes by bracket. Personalized analysis on WhatsApp or Discord in 30 seconds.
Civ guide
Magyars
Perfil
Jugador #4610773